 Dungeon Crawl Stone Soup version 0.16.1-2-g95b8d4c (webtiles) character file.

271 Ololoev the Caller (level 6, -1/32 HPs)
             Began as a Tengu Summoner on Mar 24, 2015.
             Was a Follower of Ru.
             Slain by Duvessa
             ... wielding a +3 short sword of protection
              (6 damage)
             ... on level 4 of the Dungeon.
             The game lasted 00:13:21 (5000 turns).

Ololoev the Caller (Tengu Summoner)                 Turns: 5000, Time: 00:13:22

Health: -1/32      AC:  7    Str:  8    XL:     6   Next: 23%
Magic:  7/12       EV: 14    Int: 18    God:    Ru [*.....]
Gold:   204        SH:  0    Dex: 14    Spells: 2 memorised, 4 levels left

rFire  . . .     SeeInvis .     k - +2 short sword (protect)
rCold  . . .     Clarity  .     a - +0 robe
rNeg   . . .     SustAb   .     (no shield)
rPois  .         Gourm    .     (helmet restricted)
rElec  .         Spirit   .     (no cloak)
rCorr  .         Warding  .     (no gloves)
rMut   .         Stasis   .     (boots unavailable)
MR     .....                    (no amulet)
Stlth  ++........               (no ring)
                                l - +2 ring of evasion

@: lethally poisoned (-1 -> -5), horrified, not resistant to hostile
enchantments, unstealthy
A: able to fly, beak, talons 3, cowardly
a: Fly, Renounce Religion


You were on level 4 of the Dungeon.
You worshipped Ru.
Ru was aware of your devotion.
You were hungry.

You visited 1 branch of the dungeon, and saw 4 of its levels.

You collected 204 gold pieces.

Notes
Turn   | Place    | Note
--------------------------------------------------------------
     0 | D:1      | Ololoev, the Tengu Summoner, began the quest for the Orb.
     0 | D:1      | Reached XP level 1. HP: 10/10 MP: 3/3
   269 | D:1      | Reached skill level 5 in Summonings
   451 | D:1      | Reached XP level 2. HP: 1/15 MP: 1/5
   669 | D:1      | Learned a level 2 spell: Call Imp
  1183 | D:1      | Reached XP level 3. HP: 8/19 MP: 4/7
  1723 | D:2      | Reached skill level 6 in Summonings
  1739 | D:2      | Found a sacrificial altar of Ru.
  1756 | D:2      | Reached skill level 1 in Short Blades
  1756 | D:2      | Reached XP level 4. HP: 10/24 MP: 8/8
  1765 | D:2      | Learned a level 3 spell: Call Canine Familiar
  1868 | D:2      | Became a worshipper of Ru the Awakened
  2764 | D:2      | Found an iron altar of Okawaru.
  3397 | D:3      | Reached skill level 7 in Summonings
  3456 | D:3      | Found a sparkling altar of Nemelex Xobeh.
  3459 | D:3      | Reached XP level 5. HP: 28/28 MP: 11/11
  3855 | D:4      | Gained mutation: You are a coward. [Ru sacrifice]
  3855 | D:4      | Acquired Ru's first power
  3923 | D:4      | Found a white marble altar of Elyvilon.
  3924 | D:4      | Found a shadowy altar of Dithmenos.
  4152 | D:4      | Found a snail-covered altar of Cheibriados.
  4152 | D:4      | Found a bloodstained altar of Trog.
  4154 | D:4      | Found a burning altar of Makhleb.
  4154 | D:4      | Found a deep blue altar of Sif Muna.
  4225 | D:4      | Noticed Robin
  4279 | D:4      | Killed Robin
  4507 | D:4      | Noticed Ijyb
  4593 | D:4      | Killed Ijyb
  4835 | D:4      | Reached XP level 6. HP: 32/32 MP: 12/12
  4856 | D:4      | Noticed Sigmund
  4883 | D:4      | Killed Sigmund
  4979 | D:4      | Noticed Duvessa
  4987 | D:4      | Noticed Dowan
  5000 | D:4      | Slain by Duvessa

Inventory:

Hand weapons
 k - a +2 short sword of protection (weapon)
Armour
 a - a +0 robe (worn)
 y - a +0 buckler
Jewellery
 l - a +2 ring of evasion (left hand)
Scrolls
 e - a scroll of enchant armour {unknown}
 f - 2 scrolls of amnesia
 h - a scroll of identify {unknown}
 m - a scroll of teleportation {unknown}
 x - a scroll of noise {unknown}
 z - a scroll of recharging {unknown}
Potions
 d - a potion of flight {unknown}
 g - 2 potions of curing {unknown}
 i - a potion of haste {unknown}
 j - a potion of agility {unknown}
 n - 2 potions of degeneration
 o - a potion of restore abilities
 p - a potion of cancellation
 q - a potion of invisibility {unknown}
 w - a potion of ambrosia {unknown}
Books
 b - a book of Callings

   Spells                             Type                      Level
   a - Summon Small Mammal            Summoning                    1
   b - Call Imp                       Summoning                    2
   c - Call Canine Familiar           Summoning                    3
   d - Summon Guardian Golem          Hexes/Summoning              4
   e - Summon Lightning Spire         Summoning/Air                4
   f - Summon Ice Beast               Ice/Summoning                4
Comestibles
 c - a bread ration
 r - a slice of pizza
 s - 5 fruits
 u - a meat ration
 A - 2 chunks of flesh

Table legend:
 A = Turns spent in this place as a percentage of turns spent in the entire game.
 B = Non-inter-level travel turns spent in this place as a percentage of non-inter-level travel turns spent in the entire game.
 C = Inter-level travel turns spent in this place as a percentage of turns spent in this place.
 D = Turns resting spent in this place as a percentage of non-inter-level travel turns spent in this place.
 E = Turns spent auto-exploring this place as a percentage of non-inter-level travel turns spent in this place.
 F = Non-inter-level travel turns spent in this place divided by the number of levels of this place that you've seen.
                   A       B       C       D       E      F
               +-------+-------+-------+-------+-------+----------------------
         Total | 100.0 | 100.0 |   0.2 |   3.4 |   9.6 | 373.8
       Dungeon | 100.0 | 100.0 |   0.2 |   3.4 |   9.6 | 373.8
               +-------+-------+-------+-------+-------+----------------------


   Skills:
 + Level 3.4 Short Blades
 - Level 2.1 Dodging
 - Level 2.0 Stealth
 - Level 2.0 Spellcasting
 + Level 7.8 Summonings


You had 4 spell levels left.
You knew the following spells:

 Your Spells              Type           Power        Failure   Level  Hunger
b - Call Imp              Summ           ###.....     1%          2    ###....
c - Call Canine Familiar  Summ           ###.....     2%          3    ###....


Dungeon Overview and Level Annotations

Branches:
Dungeon (4/15)
 Temple: D:4-7

Altars:
Cheibriados
Dithmenos
Elyvilon
Makhleb
Nemelex Xobeh
Okawaru
Ru
Sif Muna
Trog

Annotations:
D:4 Dowan, Duvessa


Innate Abilities, Weirdness & Mutations

You can fly.
You have a beak for a mouth.
You have claws for feet.
You are a coward.


Message History

Your hound closely misses the worker ant.
Duvessa hits you with a short sword of protection.
Read which item? (? for menu, Esc to quit)
Okay, then.
Casting: Call Canine Familiar
Confirm with . or Enter, or press ? or * to list all spells.
A beastly little devil appears in a puff of flame.
You feel sick.
Your crimson imp closely misses the worker ant.
Dowan points at you and mumbles some strange words.
The puff of frost hits your crimson imp.
Your crimson imp is frozen!
Your crimson imp dies!
Your hound bites the worker ant.
The worker ant bites your hound. Duvessa closely misses you.
Your hound bites the worker ant but does no damage.
The worker ant bites your hound.
Your hound dies!
Your hound's corpse disappears in a puff of smoke!
You swap places.
You feel sick.
Your crimson imp blinks!
Drink which item? (? for menu, Esc to quit)
Okay, then.
You feel sick.
Duvessa roars, "You can run, but you cannot escape us forever!"
Your crimson imp blinks!
Drink which item? (? for menu, Esc to quit)
It was a potion of degeneration.
There was something very wrong with that liquid.
You feel clumsy.
You feel sick.
Drink which item? (? for menu, Esc to quit)
It was a potion of restore abilities.
You feel your dexterity returning. The worker ant misses your crimson imp.
You feel a twist of horror at the sight of this foe.
Drink which item? (? for menu, Esc to quit)
It was a potion of cancellation.
You feel magically purged.
You feel sick.
Your crimson imp blinks!
Duvessa hits you with a short sword of protection.
You die...

#.# ####.#####* *.# #.# #........#
*#'## #.# #.##.##..# ##...## ###.#
#.##..#..# ##..>..## ##.#.#
#........# ##.......#*
#....#####.......ยง####.........#*
.<.)...)......[...ae.ae..%.....'.
#..).#########..e.####.........#*
##.#.#### #...@## ##.......##
........# #..### ##.....##
.###.##.# #.## ##...## .###.##.#
#.#*#### ##'## .##..##.# #.##...#
#.# .....)..# #.##...# #.#
###.##### #.##...#### ##.######
###.# #.........###........ ..#)#
#................####


You could see Duvessa, Dowan and a worker ant.

Table legend:
 A = Kills in this place as a percentage of kills in entire the game.
 B = Kills by you in this place as a percentage of kills by you in the entire game.
 C = Kills by friends in this place as a percentage of kills by friends in the entire game.
 D = Other kills in this place as a percentage of other kills in the entire game.
 E = Experience gained in this place as a percentage of experience gained in the entire game.
 F = Experience gained in this place divided by the number of levels of this place that you have seen.
                   A       B       C       D       E      F
               +-------+-------+-------+-------+-------+----------------------
         Total | 100.0 | 100.0 | 100.0 |  -nan | 100.0 |  97.0
       Dungeon | 100.0 | 100.0 | 100.0 |  -nan | 100.0 |  97.0
               +-------+-------+-------+-------+-------+----------------------

Vanquished Creatures
  A hound (D:4)
  An iguana (D:3)
  An orc wizard (D:2)
  Ijyb (D:4)
  Robin (D:4)
  An adder (D:2)
  A giant mite (D:4)
  An adder skeleton (D:4)
  An ooze (D:3)
  2 orcs
  11 bats
  3 giant cockroaches
  10 hobgoblins
  9 jackals
  A ball python (D:2)
  4 giant geckos
  5 giant newts
  12 goblins
  6 kobolds
  A quokka skeleton (D:4)
  8 rats
81 creatures vanquished.

Vanquished Creatures (collateral kills)
  Sigmund (D:4)
  A worker ant (D:4)
  An adder (D:3)
  2 worms
  An orc (D:4)
  A giant cockroach (D:1)
  5 goblins
  4 hobgoblins
  A kobold (D:1)
  A bat (D:3)
  A jackal skeleton (D:3)
  A rat (D:1)
20 creatures vanquished.

Vanquished Creatures (others)
  A crimson imp (D:4)
  3 hounds
  An iron imp (D:4)
  A shadow imp (D:2)
  3 bats (D:1)
  2 quokkas (D:1)
  A rat (D:1)
12 creatures vanquished.

Grand Total: 113 creatures vanquished

Action                   |  1- 3 |  4- 6 || total
-------------------------+-------+-------++-------
Melee: Unarmed           |    36 |       ||    36
       Short sword       |    79 |   216 ||   295
       Dagger            |     8 |       ||     8
 Cast: Summon Small Mamm |    12 |       ||    12
       Call Imp          |     1 |    12 ||    13
       Call Canine Famil |       |     9 ||     9
Invok: Sacrifice Courage |       |     1 ||     1
  Use: Scroll            |       |     6 ||     6
       Potion            |       |     3 ||     3
 Stab: Sleeping          |     1 |     5 ||     6
       Paralysed         |       |     1 ||     1
       Distracted        |       |     2 ||     2
  Eat: Chunk             |     3 |    10 ||    13
       Beef jerky        |       |     1 ||     1

Vault maps used:
D:1:      dpeg_arrival_rooms_b
D:2:      lemuel_coloured_pillars_altar, nicolae_ru_great_annihilating_truth,
          minmay_misc_feat_hallway, guppyfry_early_lair_pool
D:3:      grunt_nemelex_the_gamble
D:4:      grunt_temple_overflow_open, uniq_iyjb, uniq_robin, uniq_duvessa,
          uniq_sigmund
